 Dungeon Crawl Stone Soup version 0.20.0-15-g7f486f2 (webtiles) character file.

29 Chiseanne the Magician (level 3, 18/24 HPs)
             Began as a Demonspawn Wizard on June 15, 2017.
             Quit the game on level 2 of the Dungeon.
             The game lasted 00:01:40 (1078 turns).

Chiseanne the Magician (Demonspawn Wizard)          Turns: 1078, Time: 00:01:40

Health: 18/24      AC:  2    Str:  7    XL:     3   Next: 1%
Magic:  2/8        EV: 12    Int: 20    God:
Gold:   91         SH:  0    Dex: 11    Spells: 8/9 levels left

rFire    . . .     SeeInvis .   g - +0 dagger
rCold    . . .     Gourm    .   (no shield)
rNeg     . . .     Faith    .   a - +0 robe
rPois    .         Spirit   .   b - +0 hat
rElec    .         Reflect  .   (no cloak)
rCorr    .         Harm     .   (no gloves)
MR       .....                  (no boots)
Stlth    +.........             (no amulet)
Regen    1.1/turn               (no ring)
MPRegen  0.2/turn               (no ring)

@: very slightly contaminated
A: hooves 1, powered by death 1
a: no special abilities


You were on level 2 of the Dungeon.
You were not hungry.

You visited 1 branch of the dungeon, and saw 2 of its levels.

You collected 91 gold pieces.

Inventory:

Hand Weapons
 g - a +0 dagger (weapon)
Missiles
 e - 72 stones (quivered)
 j - 25 arrows
Armour
 a - a +0 robe (worn)
 b - a +0 hat (worn)
 m - a +0 pair of gloves
Scrolls
 f - a scroll of enchant armour {unknown}
 i - a scroll of enchant weapon {unknown}
 l - a scroll of identify {unknown}
Books
 c - a book of Minor Magic

   Spells                             Type                      Level
   a - Magic Dart                     Conjuration                  1
   b - Blink                          Translocation                2
   c - Call Imp                       Summoning                    2
   d - Slow                           Hexes                        2
   e - Conjure Flame                  Conjuration/Fire             3
   f - Mephitic Cloud                 Conjuration/Poison/Air       3
Comestibles
 d - 3 bread rations
 h - 4 fruits
 k - a meat ration


   Skills:
 - Level 1.7 Dodging
 - Level 1.7 Stealth
 * Level 3.5 Spellcasting
 * Level 2.2 Conjurations
   Level 1.0 Summonings
   Level 0.8 Translocations


You had 8 spell levels left.
You knew the following spells:

 Your Spells              Type           Power        Failure   Level  Hunger
a - Magic Dart            Conj           ##..         5%          1    None


Dungeon Overview and Level Annotations

Branches:
Dungeon (1/15)

Altars:


Innate Abilities, Weirdness & Mutations

You have large cloven feet.
You regenerate a little health from kills.


Message History

Press: ? - help, Shift-Dir - straight line, f/p - hobgoblin
Aim: a hobgoblin, wielding a club The magic dart hits the hobgoblin.
The hobgoblin is almost dead.
The hobgoblin closely misses you.
Casting: Magic Dart
Confirm with . or Enter, or press ? or * to list all spells.
Aiming: Magic Dart
Press: ? - help, Shift-Dir - straight line, f/p - hobgoblin
Aim: a hobgoblin, wielding a club (almost dead)
The magic dart hits the hobgoblin.
You kill the hobgoblin!
You have reached level 3!
Your experience leads to an increase in your attributes!
Increase (S)trength, (I)ntelligence, or (D)exterity?
You feel clever.
You feel monstrous as your demonic heritage exerts itself.
Your demonic ancestry asserts itself...
Your feet thicken and deform.
Are you sure you want to abandon this character and quit the game? (Confirm with "yes".)

####### ###### #......
...... #......
####...... #......
#####..........
#......##..............
#......@g....##.#.....
.......##...†.....# .
#.........#####.### ..
#......#### #..#####..
#...... ##r#......
###...### #.g...#
#......# #.g..##
#.#.##..## ##...#
.#......#####...##


You could see a hobgoblin.

Vanquished Creatures
  An ooze (D:1)
  A leopard gecko (D:1)
  2 giant cockroaches
  2 goblins (D:1)
  4 hobgoblins
  4 kobolds (D:1)
  3 bats (D:1)
  2 frilled lizards (D:1)
  3 rats
22 creatures vanquished.

Notes
Turn   | Place    | Note
-------+----------+-------------------------------------------
     0 | D:1      | Chiseanne the Demonspawn Wizard began the quest for the Orb.
     0 | D:1      | Reached XP level 1. HP: 13/13 MP: 4/4
   274 | D:1      | Gained mutation: You regenerate a little health from kills. [demonic ancestry]
   274 | D:1      | Reached XP level 2. HP: 4/19 MP: 0/6
  1017 | D:1      | You fall through a shaft!
  1077 | D:2      | Gained mutation: You have large cloven feet. [demonic ancestry]
  1077 | D:2      | Reached XP level 3. HP: 17/24 MP: 2/8
  1078 | D:2      | Quit the game

Skill      XL: |  1  2 |
---------------+-------+-----
Conjurations   | 2 |  2.2
Dodging        | |  1.7
Stealth        | |  1.7
Spellcasting   | |  3.5
Summonings     | |  1.0
Translocations | |  0.8

Action                   || total
-------------------------++-------
Melee: Dagger            ||    34
 Cast: Magic Dart        ||    49
Armor: Robe              ||    16
Dodge: Dodged            ||    46
